 Dungeon Crawl Stone Soup version 0.18.1-48-g4cf74bf (webtiles) character file.

33 glosham the Sneak (level 3, -5/26 HPs)
             Began as a High Elf Abyssal Knight on Sept 12, 2016.
             Was a Follower of Lugonu.
             Slain by a sun demon (16 damage)
             ... on level 1 of the Abyss.
             The game lasted 00:01:59 (125 turns).

glosham the Sneak (High Elf Abyssal Knight)          Turns: 125, Time: 00:01:59

Health: -5/26      AC:  3    Str: 12    XL:     3   Next: 12%
Magic:  5/5        EV: 12    Int: 15    God:    Lugonu [*.....]
Gold:   0          SH:  0    Dex: 15    Spells: 0 memorised, 2 levels left

rFire  . . .     SeeInvis .     a - +1 falchion
rCold  . . .     Gourm    .     b - +0 leather armour
rNeg   . . .     Faith    .     (no shield)
rPois  .         Spirit   .     (no helmet)
rElec  .         Dismiss  .     (no cloak)
rCorr  .         Reflect  .     (no gloves)
SustAt .         Harm     .     (no boots)
MR     .....                    (no amulet)
Stlth  ++........               (no ring)
                                (no ring)

@: not resistant to hostile enchantments, unstealthy
A: no striking features
a: Depart the Abyss, Renounce Religion


You were on level 1 of the Abyss.
You worshipped Lugonu.
Lugonu was aware of your devotion.
You were not hungry.

You visited 0 branches of the dungeon, and saw 0 of its levels.
You visited the Abyss 1 time.

Inventory:

Hand Weapons
 a - a +1 falchion (weapon)
Armour
 b - a +0 leather armour (worn)
Comestibles
 c - a bread ration


   Skills:
 - Level 3.0 Fighting
 - Level 2.4 Long Blades
 - Level 0.8 Armour
 - Level 2.1 Dodging
 + Level 3.4 Stealth
 - Level 2.0 Invocations


You had 2 spell levels left.
You didn't know any spells.

Dungeon Overview and Level Annotations

Branches:
Dungeon (0/15)

Altars:


Message History

Press ? for a list of commands and other information.
Found a corrupted altar of Lugonu.
A crimson imp comes into view.
The crimson imp moves out of view.
The crimson imp shouts!
The crimson imp blinks!
You barely miss the crimson imp. The crimson imp hits you.
You barely miss the crimson imp. The crimson imp hits you.
You hit the crimson imp but do no damage.
The crimson imp hits you.
You hit the crimson imp.
The crimson imp is heavily wounded.
The crimson imp barely misses you.
You hit the crimson imp.
The crimson imp is severely wounded.
The crimson imp hits you.
The crimson imp hits you but does no damage.
You barely miss the crimson imp.
The crimson imp is heavily wounded.
The crimson imp hits you but does no damage.
You hit the crimson imp.
The crimson imp is almost dead.
The crimson imp blinks!
You hit the crimson imp.
You kill the crimson imp!
Your Stealth skill gained 3 levels and is now at level 3!
You have reached level 2!
You have reached level 3!
Your experience leads to an increase in your attributes!
Increase (S)trength, (I)ntelligence, or (D)exterity?
You feel stronger.
You feel agile.
The substance of the Abyss twists violently, and a gateway leading out appears!
A sun demon comes into view.
The sun demon shouts!
A small abomination comes into view.
The small abomination moves out of view.
The sun demon closely misses you. The sun demon hits you!
Ouch! That really hurt!
You die...

# # . . # . ### . .
.# ยง.## . ## # .
### .. ..##. # ..#
##...# # #
#....###..#.#
.#####.#.####..#@#
.#.##.. . #..#3#..#
#..#.##.##
###..#.##
..#..#.###.#....#
.###.#..##.##.#.#.#
# #... .....###...#
.#.... ### ####
#####..#### .
#.#..##.#.###


You could see a sun demon.

Vanquished Creatures
  A crimson imp (Abyss:1)
1 creature vanquished.

Notes
Turn   | Place    | Note
--------------------------------------------------------------
     0 | Abyss:1  | glosham the High Elf Abyssal Knight began the quest for the Orb.
     0 | Abyss:1  | Reached XP level 1. HP: 16/16 MP: 3/3
    44 | Abyss:1  | Noticed a crimson imp
    92 | Abyss:1  | Killed a crimson imp
    92 | Abyss:1  | Reached skill level 3 in Stealth
    92 | Abyss:1  | Reached XP level 2. HP: 7/21 MP: 4/4
    92 | Abyss:1  | Reached XP level 3. HP: 9/26 MP: 5/5
   110 | Abyss:1  | Noticed a sun demon
   117 | Abyss:1  | Noticed a small abomination
   125 | Abyss:1  | Slain by a sun demon

Skill      XL: |  1 |
---------------+----+-----
Stealth        | 3 |  3.4
Fighting       | |  3.0
Long Blades    | |  2.4
Armour         | |  0.8
Dodging        | |  2.1
Invocations    | |  2.0

Action                   || total
-------------------------++-------
Melee: Falchion          ||     8
Armor: Leather armour    ||     2
Dodge: Dodged            ||     2

Table legend:
 A = Turns spent in this place as a percentage of turns spent in the entire game.
 B = Non-inter-level travel turns spent in this place as a percentage of non-inter-level travel turns spent in the entire game.
 C = Inter-level travel turns spent in this place as a percentage of turns spent in this place.
 D = Turns resting spent in this place as a percentage of non-inter-level travel turns spent in this place.
 E = Turns spent auto-exploring this place as a percentage of non-inter-level travel turns spent in this place.
 F = Non-inter-level travel turns spent in this place divided by the number of levels of this place that you've seen.
                   A       B       C       D       E      F
               +-------+-------+-------+-------+-------+----------------------
         Total | 100.0 | 100.0 |   0.0 |   0.0 |   0.0 | 129.0
         Abyss | 100.0 | 100.0 |   0.0 |   0.0 |   0.0 | 129.0
               +-------+-------+-------+-------+-------+----------------------

Table legend:
 A = Kills in this place as a percentage of kills in entire the game.
 B = Kills by you in this place as a percentage of kills by you in the entire game.
 C = Kills by friends in this place as a percentage of kills by friends in the entire game.
 D = Other kills in this place as a percentage of other kills in the entire game.
 E = Experience gained in this place as a percentage of experience gained in the entire game.
 F = Experience gained in this place divided by the number of levels of this place that you have seen.
                   A       B       C       D       E      F
               +-------+-------+-------+-------+-------+----------------------
         Total | 100.0 | 100.0 |  -nan |  -nan | 100.0 |  48.0
         Abyss | 100.0 | 100.0 |  -nan |  -nan | 100.0 |  48.0
               +-------+-------+-------+-------+-------+----------------------

Vault maps used:
